 Dungeon Crawl Stone Soup version 0.30-a0-23-ge60ba3568b (webtiles) character file.

Game seed: 13042723891759289788

46 kareem the Trooper (level 3, -3/20 HPs)
             Began as a Vine Stalker Cinder Acolyte on Aug 24, 2022.
             Was a High Priest of Ignis.
             Slain by Robin
             ... wielding a +3 mace of distortion
              (11 damage)
             ... on level 2 of the Dungeon.
             The game lasted 00:03:20 (1655 turns).

kareem the Trooper (Vine Stalker Cinder Acolyte)    Turns: 1655, Time: 00:03:21

Health: -3/20      AC:  2    Str: 16    XL:     3   Next: 68%
Magic:  0/6        EV: 11    Int: 16    God:    Ignis [*****.]
Gold:   75         SH:  0    Dex:  9    Spells: 3/5 levels left

rFire   + + .      SeeInvis .    a - -1 hand axe (flame)
rCold   x . .      Faith    .    (no shield)
rNeg    + . .      Spirit   +    b - +0 robe
rPois   .          Reflect  .    (no helmet)
rElec   .          Harm     .    (no cloak)
rCorr   .          Rampage  .    (no gloves)
Will    .....                    (no boots)
Stlth   +.........               (no amulet)
HPRegen 0.06/turn                e - ring of fire
MPRegen 0.10/turn                f - ring of positive energy

@: no status effects
A: fangs 2, magic shield, antimagic bite, no potion heal 2
a: Renounce Religion, Fiery Armour, Foxfire Swarm, Rising Flame


You were on level 2 of the Dungeon.
You worshipped Ignis.
Ignis was extremely pleased with you.
You visited 1 branch of the dungeon, and saw 2 of its levels.

You collected 75 gold pieces.

Inventory:

Hand Weapons
 a - a -1 hand axe of flaming (weapon)
Armour
 b - a +0 robe (worn)
Magical Staves
 h - a staff of fire
Jewellery
 e - a ring of fire (left hand)
 f - a ring of positive energy (right hand)
 o - a ring of protection from fire
Scrolls
 d - a scroll of silence {unknown}
 g - a scroll of enchant armour {unknown}
 j - 3 scrolls of enchant weapon {unknown}
 k - a scroll of teleportation {unknown}
Potions
 c - 3 potions of attraction {unknown}
 i - a potion of might {unknown}
 l - 2 potions of curing {unknown}
 m - 2 potions of resistance {unknown}
 n - a potion of brilliance {unknown}
 p - a potion of degeneration {unknown}


   Skills:
 + Level 3.3 Fighting
 + Level 3.0 Axes
 * Level 0.3 Dodging
 + Level 1.5 Spellcasting
 + Level 3.2 Fire Magic


You had 3 spell levels left.
You knew the following spells:

 Your Spells              Type           Power      Damage    Failure   Level
a - Scorch                Fire           34%        2d6       9%          2

Your spell library contained the following spells:

 Spells                   Type           Power      Damage    Failure   Level
 Summon Small Mammal      Summ           4%         N/A       22%         1
 Call Canine Familiar     Summ           1%         N/A       54%         3
 Summon Guardian Golem    Hex/Summ       1%         N/A       54%         3


Dungeon Overview and Level Annotations

Branches:
Dungeon (2/15)

Altars:

Annotations:
D:2 Robin


Innate Abilities, Weirdness & Mutations

You have extremely sharp teeth.
When hurt, damage is shared between your health and your magic reserves.
Your bite disrupts and absorbs the magic of your enemies.
Potions cannot restore your health.


Message History

You closely miss the goblin.
Robin roars a battlecry!
The goblins go into a battle-frenzy!
The goblin hits you but does no damage. The goblin hits you with a +0 dagger.
Activating: Foxfire Swarm
Press: ? - help, Dir - look around, f - activate Flames leap up around you!
Robin roars a battlecry!
The goblin closely misses you. The goblin barely misses you.
Unknown command.
You hit the goblin. You burn the goblin.
You kill the goblin!
You barely miss the goblin. The goblin barely misses you.
A hobgoblin comes into view.
Unknown command.
Your foxfire dissipates!
You see here a +0 dagger.
The foxfire hits the goblin.
You kill the goblin!
The foxfire hits the goblin.
You kill the goblin!
Robin roars a battlecry!
You see here a +0 chain mail.
Robin roars a battlecry!
Robin roars a battlecry!
Okay, then.
Your -1 hand axe of flaming stops flaming.
h - a staff of fire (weapon)
You feel a strong surge of power!
Flames lash Robin.
Robin is heavily wounded.
Robin's fire resistance burns away.
You feel a strong surge of power!
Flames lash Robin.
Robin is burned terribly!
Robin is almost dead.
You don't have enough magic to cast this spell.
Your -1 hand axe of flaming bursts into flame!
a - a -1 hand axe of flaming (weapon)
Robin hits you with a +3 mace of distortion.
Space warps horribly around you!
Ouch! That really hurt!
You die...

#.# #.......# #.#
#.#.#####
###(###.#.#
##.....#.#.#
######..###.....#
#.......# #†#.###
#.####..###.#.#
#......#.#
#@######.# #g#
#.# #g# #.# # #g#
#.# #...## #.#
#gg. #.# #...##
###.### # #
#.....#
#.#.#.######### #


You could see Robin (combustible) and 2 hobgoblins.

Vanquished Creatures
  A dart slug (D:2)
  2 endoplasms (D:1)
  2 giant cockroaches
  9 goblins
  2 hobgoblins
  5 jackals (D:1)
  3 kobolds
  A quokka (D:1)
  6 ball pythons
  4 bats
  5 rats
40 creatures vanquished.

Vanquished Creatures (others)
  2 foxfires (D:2)
2 creatures vanquished.

Grand Total: 42 creatures vanquished

Notes
Turn   | Place    | Note
-------+----------+-------------------------------------------
     0 | D:1      | kareem the Vine Stalker Cinder Acolyte began the quest for
                  | the Orb.
     0 | D:1      | Reached XP level 1. HP: 11/11 MP: 3/3
    32 | D:1      | Reached XP level 2. HP: 13/16 MP: 2/4
   107 | D:1      | Learned a level 2 spell: Scorch
   644 | D:1      | Reached XP level 3. HP: 20/20 MP: 0/5
   754 | D:1      | You fall into a shaft and drop 1 floor!
  1603 | D:2      | Noticed Robin
  1655 | D:2      | Slain by Robin

Illustrated notes

Levels and vault maps discovered:
D:1:      minmay_arrival_wavy_path, layout_basic
D:2:      layout_loops_ring, shapermc_ecumenical_altar_mp_highgroup,
          hangedman_decor_peaks_small, minmay_pentomino_t2,
          uniq_crazy_yiuf_cottage, uniq_robin

Skill      XL: |  1  2 |
---------------+-------+-----
Fighting       | 3 |  3.3
Axes           | 3 |  3.0
Dodging        | |  0.3
Spellcasting   | |  1.5
Fire Magic     | |  3.2

Action                   || total
-------------------------++-------
Melee: Hand axe          ||    48
       Bite              ||     9
       Staff             ||     2
 Cast: Scorch            ||    20
Invok: Foxfire Swarm     ||     1
Armor: Robe              ||    15
Dodge: Dodged            ||    47

Table legend: (Time is in decaauts)
 A = Elapsed time spent in this place.
 B = Non-inter-level travel time spent in this place.
 C = Inter-level travel time spent in this place.
 D = Time resting spent in this place.
 E = Time spent auto-exploring this place.
 F = Levels seen in this place.
 G = Mean time per level.
                   A        B        C        D        E       F      G
               +--------+--------+--------+--------+--------+-----+--------+
         Total |   1659 |   1629 |     30 |     36 |   1327 |   2 |  829.5 |
       Dungeon |   1659 |   1629 |     30 |     36 |   1327 |   2 |  829.5 |
               +--------+--------+--------+--------+--------+-----+--------+

Top non-repeatable levels by time:
     D:1: 1264 daAuts
     D:2: 394 daAuts
